 Dungeon Crawl Stone Soup version 0.19.1-1-g22dce08 (webtiles) character file.

3563 Jynx the Arsonist (level 9, -2/45 HPs)
             Began as a Deep Elf Fire Elementalist on Jan 16, 2017.
             Was a Believer of Vehumet.
             Shot with a sling bullet by Joseph (5 damage)
             ... on level 8 of the Dungeon.
             The game lasted 00:18:42 (7832 turns).

Jynx the Arsonist (Deep Elf Fire Elementalist)      Turns: 7832, Time: 00:18:42

Health: -2/45      AC:  4    Str:  5    XL:     9   Next: 83%
Magic:  18/32      EV: 13    Int: 23    God:    Vehumet [**....]
Gold:   289        SH:  0    Dex: 16    Spells: 4 memorised, 11 levels left

rFire  . . .     SeeInvis .     l - -2 dagger (curse)
rCold  . . .     Gourm    .     a - +0 robe
rNeg   . . .     Faith    .     (no shield)
rPois  .         Spirit   .     H - +1 helmet
rElec  .         Reflect  .     u - +2 cloak
rCorr  .         Harm     .     (no gloves)
MR     .....                    (no boots)
Stlth  ++........               y - amulet of magic regeneration
                                C - -3 ring of protection (curse)
                                n - ring of magical power

@: no status effects
A: no striking features
a: Renounce Religion


You were on level 8 of the Dungeon.
You worshipped Vehumet.
Vehumet was pleased with you.
You were not hungry.

You visited 2 branches of the dungeon, and saw 9 of its levels.
You also visited: Sewer.

You collected 532 gold pieces.
You spent 243 gold pieces at shops.

Inventory:

Hand Weapons
 l - a cursed -2 dagger (weapon)
 t - a +2 dagger of freezing
 v - a +2 quarterstaff of chaos
 K - the +7 rapier of Fear {vamp, MR+ Dex+3, unknown}
   (You bought it in a shop on level 6 of the Dungeon)

   It inflicts no extra harm, but heals its wielder when it wounds a living foe.
   It affects your dexterity (+3).
   It affects your resistance to hostile enchantments.
Armour
 a - a +0 robe (worn)
 m - a +0 helmet
 u - a +2 cloak (worn)
 H - a +1 helmet (worn)
Jewellery
 g - an uncursed ring of positive energy
 n - a ring of magical power (left hand)
 y - an amulet of magic regeneration (around neck)
 C - a cursed -3 ring of protection (right hand)
 E - an uncursed ring of flight {unknown}
 J - a +3 ring of protection
Wands
 G - a wand of paralysis (18/24)
 M - a wand of enslavement (7/24)
 N - a wand of slowing (28/48)
Scrolls
 e - a scroll of recharging
 j - 5 scrolls of amnesia
 p - 2 scrolls of enchant weapon
 w - 2 scrolls of magic mapping
 O - a scroll of blinking
Potions
 f - a potion of mutation
 h - a potion of ambrosia
 i - 4 potions of flight {unknown}
 k - a potion of berserk rage
 o - a potion of cure mutation
 q - a potion of heal wounds
 r - 4 potions of agility
 s - a potion of resistance {unknown}
 x - 2 potions of brilliance {unknown}
 z - 2 potions of degeneration {unknown}
 A - 2 potions of cancellation {unknown}
 I - a potion of invisibility {unknown}
 P - a potion of magic {unknown}
Books
 b - a book of Flames

   Spells                             Type                      Level
   a - Flame Tongue                   Conjuration/Fire             1
   b - Throw Flame                    Conjuration/Fire             2
   c - Conjure Flame                  Conjuration/Fire             3
   d - Inner Flame                    Hexes/Fire                   3
   e - Sticky Flame                   Conjuration/Fire             4
   f - Fireball                       Conjuration/Fire             5
 B - a book of Callings

   Spells                             Type                      Level
   a - Summon Small Mammal            Summoning                    1
   b - Call Imp                       Summoning                    2
   c - Call Canine Familiar           Summoning                    3
   d - Summon Guardian Golem          Hexes/Summoning              3
   e - Summon Lightning Spire         Summoning/Air                4
   f - Summon Ice Beast               Ice/Summoning                4
 L - a book of Clouds

   Spells                             Type                      Level
   a - Mephitic Cloud                 Conjuration/Poison/Air       3
   b - Conjure Flame                  Conjuration/Fire             3
   c - Poisonous Cloud                Conjuration/Poison/Air       6
   d - Freezing Cloud                 Conjuration/Ice/Air          6
   e - Ring of Flames                 Charms/Fire                  7
Comestibles
 c - 6 bread rations
 d - 5 meat rations
 D - 2 beef jerkies
 F - 2 royal jellies
 Q - 5 chunks of flesh


   Skills:
 + Level 4.5 Short Blades
 + Level 4.1 Armour
 - Level 2.4 Dodging
 - Level 2.4 Stealth
 + Level 8.3 Spellcasting
 + Level 6.6 Conjurations
 * Level 10.2 Fire Magic


You had 11 spell levels left.
You knew the following spells:

 Your Spells              Type           Power        Failure   Level  Hunger
a - Flame Tongue          Conj/Fire      #####        1%          1    None
b - Conjure Flame         Conj/Fire      #####...     1%          3    None
c - Sticky Flame          Conj/Fire      #####...     1%          4    ##.....
d - Fireball              Conj/Fire      #####.....   8%          5    #####..


Dungeon Overview and Level Annotations

Branches:
Dungeon (8/15)             Temple (1/1) D:5
   Lair: D:8-11

Altars:
Cheibriados
Dithmenos
Fedhas
Kikubaaqudgha
Makhleb
Nemelex Xobeh
Okawaru
Qazlal
Ru
Uskayaw
Vehumet
Xom
Yredelemnul
Zin
Beogh

Shops:
D:2 *   D:6 [*(*(

Annotations:
D:8 Joseph


Message History

Confirm with . or Enter, or press ? or * to list all spells.
Aiming: Fireball
Press: ? - help, Shift-Dir - straight line, f/p - Joseph
Aim: Joseph, wielding a hunting sling of freezing and wearing a runed leather armour (moderately wounded)
The fireball explodes!
The fireball engulfs Joseph.
Joseph is heavily wounded.
Joseph drinks a potion.
Joseph is healed!
Casting: Fireball
Confirm with . or Enter, or press ? or * to list all spells.
Aiming: Fireball
Press: ? - help, Shift-Dir - straight line, f/p - Joseph
Aim: Joseph, wielding a hunting sling of freezing and wearing a runed leather armour (lightly wounded)
The fireball explodes!
The fireball engulfs Joseph.
Joseph is moderately wounded.
Joseph shoots a sling bullet.
The sling bullet hits you!! The sling bullet freezes you.
Joseph shoots a sling bullet.
The sling bullet hits you!
* * * LOW HITPOINT WARNING * * *
The sling bullet freezes you.
You die...

###........#
..#.#.####.#
....#.# #.#
#.###.# #.#
...##.# #.#
......####.#######
...##............#
......####.#####.#
#.##### #.# #@#
#.# #.# #(# #.#
#.# #.# #.# #.#
#(# #.# #.#####.##
#.# #........##
#.# ##..@..## #.#
#.......# #.#
##.....##


You could see Joseph.

Vanquished Creatures
  The ghost of Execuda the Magician, a novice HEWz (D:6)
  A hippogriff (D:7)
  2 hungry ghosts (D:7)
  Menkaure (D:4)
  A water moccasin (D:7)
  An ice beast (D:8)
  A sky beast (D:8)
  A black bear (D:5)
  2 phantoms
  2 ogres
  4 centaurs
  A crocodile (Sewer)
  6 bullfrogs
  5 scorpions
  4 howler monkeys (D:8)
  A crimson imp (D:6)
  A centaur zombie (D:6)
  Crazy Yiuf (D:3)
  A bullfrog skeleton (D:7)
  3 orc priests
  A gnoll shaman (D:7)
  4 hounds
  Jessica (D:3)
  An iguana (D:5)
  5 worker ants
  A hound skeleton (D:5)
  12 adders
  A howler monkey skeleton (D:5)
  8 gnolls
  4 oozes
  An adder zombie (D:7)
  An adder skeleton (D:4)
  4 worms
  4 dart slugs
  2 leopard geckos
  14 orcs
  4 giant cockroaches
  8 goblins
  7 hobgoblins
  4 jackals
  10 kobolds
  2 quokkas
  2 ball pythons
  6 bats
  2 frilled lizards (D:2)
  A leopard gecko skeleton (D:5)
  2 quokka skeletons
  11 rats
163 creatures vanquished.

Notes
Turn   | Place    | Note
-------+----------+-------------------------------------------
     0 | D:1      | Jynx the Deep Elf Fire Elementalist began the quest for the Orb.
     0 | D:1      | Reached XP level 1. HP: 10/10 MP: 6/6
   150 | D:1      | Reached XP level 2. HP: 11/15 MP: 1/8
   516 | D:1      | Reached skill level 4 in Fire Magic
   533 | D:1      | Reached XP level 3. HP: 19/19 MP: 3/9
   538 | D:1      | Learned a level 3 spell: Conjure Flame
   941 | D:2      | Reached XP level 4. HP: 23/24 MP: 11/11
  1052 | D:2      | Found a glowing silver altar of Zin.
  1053 | D:2      | Found Zin's Purification Station.
  1560 | D:3      | Reached skill level 5 in Fire Magic
  1560 | D:3      | Reached XP level 5. HP: 25/28 MP: 13/13
  1619 | D:3      | Noticed a centaur
  1630 | D:3      | Found a burning altar of Makhleb.
  1853 | D:3      | Killed a centaur
  1983 | D:3      | Learned a level 4 spell: Sticky Flame
  1989 | D:3      | Learned a level 5 spell: Fireball
  1989 | D:3      | Noticed an Executioner
  2087 | D:3      | Noticed Jessica
  2090 | D:3      | Killed Jessica
  2134 | D:3      | Reached XP level 6. HP: 32/32 MP: 15/15
  2328 | D:3      | Reached skill level 5 in Spellcasting
  2505 | D:3      | Found a runed door.
  2509 | D:3      | Noticed Crazy Yiuf
  2514 | D:3      | Killed Crazy Yiuf
  2855 | D:4      | Reached skill level 6 in Fire Magic
  3269 | D:4      | Noticed Menkaure
  3276 | D:4      | Killed Menkaure
  3276 | D:4      | Reached XP level 7. HP: 36/36 MP: 17/17
  3475 | D:4      | Reached skill level 7 in Fire Magic
  3506 | D:4      | Found a roughly hewn altar of Beogh.
  3619 | D:5      | Entered Level 5 of the Dungeon
  3619 | D:5      | Found a staircase to the Ecumenical Temple.
  3835 | D:5      | Reached skill level 1 in Short Blades
  3881 | D:5      | Reached skill level 1 in Armour
  4334 | D:5      | Found an ancient bone altar of Kikubaaqudgha.
  4427 | Temple   | Entered the Ecumenical Temple
  4447 | Temple   | Became a worshipper of Vehumet
  4513 | D:6      | Found Sauffexe's General Store.
  4550 | D:6      | Reached XP level 8. HP: 26/41 MP: 19/19
  4641 | D:6      | Found Xovuz's Weapon Shoppe.
  4672 | D:6      | Found a glowing drain.
  4677 | Sewer    | Entered a sewer
  4751 | Sewer    | Reached skill level 5 in Conjurations
  4850 | D:6      | Found a sacrificial altar of Ru.
  4878 | D:6      | Noticed Execuda's ghost (novice HEWz)
  4889 | D:7      | Reached skill level 8 in Fire Magic
  5438 | D:6      | Found Riagair's Antique Weapon Shop.
  5463 | D:6      | Bought a fine rapier for 243 gold pieces
  5615 | D:6      | Found Mumez's General Store.
  5619 | D:6      | Found Uqemmir's Armour Emporium.
  5648 | D:6      | Killed Execuda's ghost
  5813 | D:6      | Found a snail-covered altar of Cheibriados.
  5875 | D:6      | Found an iron altar of Okawaru.
  5939 | D:7      | Noticed a hippogriff
  5948 | D:7      | Killed a hippogriff
  5948 | D:7      | Reached skill level 9 in Fire Magic
  5948 | D:7      | Reached XP level 9. HP: 24/45 MP: 21/21
  5960 | D:7      | Reached * piety under Vehumet
  5960 | D:7      | Offered knowledge of Shock by Vehumet.
  6288 | D:7      | HP: 2/45 [centaur (6)]
  6851 | D:7      | Found a sparkling altar of Nemelex Xobeh.
  6976 | D:8      | Noticed Joseph
  7299 | D:7      | Reached skill level 10 in Fire Magic
  7780 | D:8      | Found a shimmering altar of Xom.
  7788 | D:8      | Offered knowledge of Throw Frost by Vehumet.
  7789 | D:8      | Reached ** piety under Vehumet
  7832 | D:8      | Shot with a sling bullet by Joseph

Skill      XL: |  1  2  3  4  5  6  7  8  9 |
---------------+----------------------------+-----
Fire Magic     | 4 5 6 7 9 10 | 10.2
Conjurations   | 2 3 4 5 6 |  6.6
Spellcasting   | 4 5 6 7 8 |  8.3
Short Blades   | 1 3 4 |  4.5
Armour         | 1 2 4 |  4.1
Dodging        | |  2.4
Stealth        | |  2.4

Action                   |  1- 3 |  4- 6 |  7- 9 || total
-------------------------+-------+-------+-------++-------
Melee: Dagger            |       |       |    59 ||    59
 Cast: Flame Tongue      |    56 |    98 |   253 ||   407
       Conjure Flame     |       |     4 |     7 ||    11
       Sticky Flame      |       |     1 |     7 ||     8
       Fireball          |       |       |    24 ||    24
  Use: Scroll            |     8 |     8 |     2 ||    18
       Potion            |       |       |     1 ||     1
  Eat: Chunk             |       |     6 |    17 ||    23
       Fruit             |       |       |     4 ||     4
       Beef jerky        |       |       |     1 ||     1
Armor: Robe              |     3 |     7 |    23 ||    33
Dodge: Dodged            |    11 |    15 |    92 ||   118
